 Dungeon Crawl Stone Soup version 0.30.0-17-ge0270778cf (webtiles) character file.

Game seed: 2615635283403664436

2004 Kenran the Carver (level 9, 0/57 (64) HPs)
             Began as a Formicid Fighter on May 21, 2023.
             Was an Initiate of Wu Jian.
             Succumbed to a killer bee's poison
             ... on level 9 of the Dungeon.
             The game lasted 00:10:06 (6010 turns).

Kenran the Carver (Formicid Fighter)                Turns: 6010, Time: 00:10:06

HP:   0/57 (64)     AC: 10    Str: 21      XL:     9   Next: 45%
MP:   1/9           EV:  9    Int: 12 (13) God:    Wu Jian [......]
Gold: 495           SH:  5    Dex: 14      Spells: 8/8 levels left

rFire   . . .        a - +0 war axe
rCold   . . .        c - +0 buckler
rNeg    . . .        b - +0 scale mail
rPois   +            (helmet unavailable)
rElec   .            n - +1 cloak
rCorr   .            j - +0 pair of gloves
SInv    +            (no boots)
Will    +....        h - amulet of guardian spirit
Stlth   +            m - ring of poison resistance
HPRegen 0.29/turn    e - ring of willpower
MPRegen 0.11/turn

%: guardian spirit
@: lethally poisoned (0 -> -9), studying Shields, heavily drained
A: permanent stasis, dig shafts and tunnels, antennae 3, four strong arms,
camouflage 1, clever 1, deterioration 1
a: Dig, Shaft Self, Renounce Religion


You were on level 9 of the Dungeon.
You worshipped Wu Jian.
Wu Jian was noncommittal.
You visited 2 branches of the dungeon, and saw 12 of its levels.

You collected 495 gold pieces.

Inventory:

Hand Weapons
 a - a +0 war axe (weapon)
 w - the +3 dagger "Opugees" {elec, rElec rCorr Dex-4}
   (You found it on level 3 of the Dungeon)

   Dex:       It affects your dexterity (-4).
   rElec:     It insulates you from electricity.
   rCorr:     It protects you from acid and corrosion.
 x - a +0 long sword
Armour
 b - a +0 scale mail (worn)
 c - a +0 buckler (worn)
 j - a +0 pair of gloves (worn)
 n - a +1 cloak (worn)
Jewellery
 e - a ring of willpower (right hand)
 h - an amulet of guardian spirit (around neck)
 m - a ring of poison resistance (left hand)
 r - a ring of fire
Wands
 o - a wand of digging (11)
 u - a wand of roots (25)
Scrolls
 d - a scroll of vulnerability {!r}
 f - a scroll of summoning
 i - a scroll of enchant weapon
 l - a scroll of immolation {!r}
 q - 2 scrolls of enchant armour
 s - 2 scrolls of poison {!r}
 v - 2 scrolls of fog
Potions
 g - 2 potions of attraction {!q}
 k - 4 potions of mutation {!q}
 p - a potion of resistance
 t - a potion of cancellation


   Skills:
 - Level 3.2 Fighting
 + Level 8.8 Long Blades
 - Level 8.0 Axes
 - Level 3.2 Armour
 - Level 4.0 Shields


You had 8 spell levels left.
You didn't know any spells.
Your spell library contained the following spells:

 Spells                   Type           Power      Damage    Failure   Level
 Slow                     Hex            0%         N/A       73%         1
 Scorch                   Fire           0%         2d5       86%         2
 Confusing Touch          Hex            0%         N/A       97%         3
 Frozen Ramparts          Ice            0%         1d1       97%         3
 Vampiric Draining        Necr           0%         2d6       97%         3
 Flame Wave               Conj/Fire      0%         2d4       100%        4
 Ice Form                 Ice/Tmut       0%         N/A       100%        4
 Summon Ice Beast         Ice/Summ       0%         N/A       100%        4
 Summon Cactus Giant      Summ           0%         N/A       100%        6


Dungeon Overview and Level Annotations

Branches:
Dungeon (11/15)            Temple (1/1) D:6             Orc (0/2) D:11
   Lair: D:8-11

Altars:
Ashenzari
Cheibriados
Dithmenos
Elyvilon
Gozag
Hepliaklqana
Kikubaaqudgha
Makhleb
Nemelex Xobeh
Okawaru
Qazlal
Sif Muna
Trog
Uskayaw
Vehumet
Wu Jian
Yredelemnul
Zin
The Shining One

Shops:
D:5 (

Annotations:
D:3 1 runed translucent door, Kenran's ghost, amateur MiGl


Innate Abilities, Weirdness & Mutations

You cannot be hasted, slowed, berserked, paralysed or teleported.
You can dig through walls and to a lower floor.
You have a pair of large antennae on your head. (SInv)
Your four strong arms can wield two-handed weapons with a shield.
Your skin changes colour to match your surroundings (Stealth+).
Your mind is acute. (Int +4, Str/Dex -1)
Your body sometimes deteriorates upon taking damage.


Message History

You feel very sick. The killer bee stings you.
The killer bee barely misses you. You block the killer bee's attack.
The killer bee completely misses you.
Okay, then.
You closely miss the killer bee. You miss the killer bee.
You feel sick.
The killer bee stings you but does no damage.
The killer bee barely misses you. x2; The killer bee stings you!
Your body deteriorates!
You feel dopey.
You are more poisoned.
The killer bee poisons you!
You hit the killer bee but do no damage.
You barely miss the killer bee.
You feel very sick. You block the killer bee's attack.
The killer bee stings you but does no damage.
You block the killer bee's attack. The killer bee stings you.
* * * LOW HITPOINT WARNING * * *
You miss the killer bee. You slash the killer bee!
You kill the killer bee!
The Council accepts your kill.
* * * LOW HITPOINT WARNING * * *
You feel very sick. You block the killer bee's attack.
The killer bee stings you.
* * * LOW HITPOINT WARNING * * *
You are lethally poisoned!
The killer bee poisons you!
You lunge at the vampire mosquito.
You slash the vampire mosquito!
The vampire mosquito is moderately damaged.
You miss the killer bee. You hit the killer bee.
* * * LOW HITPOINT WARNING * * *
You feel very sick.
You block the vampire mosquito's attack.
You block the killer bee's attack. The killer bee barely misses you.
The vampire mosquito misses you.
The killer bee stings you but does no damage.
The killer bee stings you.
* * * LOW HITPOINT WARNING * * *
You closely miss the vampire mosquito.
The vampire mosquito is moderately damaged.
You miss the killer bee. x2
You die...

################
..[.............
###.....#.....###
................# {
................#
................#
##.............y###
#####....#####.@y# {
..####.#######y#.#..#
............)........y.
......#.##....#...#..$.
......#.#.........# ##
..... #.#....[..#...
##### #.#)......#..)..
#.#.......###.#.
#.#......... ...


You could see a vampire mosquito and 2 killer bees.

Vanquished Creatures
  A wyvern (Temple)
  Edmund (D:5)
  A black bear (D:5)
  A centaur (D:6)
  A phantom (D:6)
  2 kobold brigands
  A bullfrog (D:7)
  6 scorpions
  A wight (D:7)
  2 killer bees (D:9)
  A howler monkey (D:6)
  7 hounds
  A jelly (D:6)
  4 orc priests
  5 iguanas
  An orc wizard (D:5)
  Natasha (twice) (D:2 D:1)
  A sleepcap (D:6)
  Robin (D:2)
  5 adders
  A shadow imp (D:5)
  An ufetubus (D:4)
  A worm (D:4)
  2 dart slugs
  11 orcs
  6 ball pythons
  8 bats
  9 endoplasms
  8 giant cockroaches
  18 goblins
  9 hobgoblins
  6 jackals
  16 kobolds
  A frilled lizard (D:1)
  8 rats
150 creatures vanquished.

Vanquished Creatures (others)
  A wizard (D:4)
1 creature vanquished.

Grand Total: 151 creatures vanquished

Notes
Turn   | Place    | Note
-------+----------+-------------------------------------------
     0 | D:1      | Kenran the Formicid Fighter began the quest for the Orb.
     0 | D:1      | Reached XP level 1. HP: 18/18 MP: 1/1
    54 | D:1      | Reached XP level 2. HP: 24/24 MP: 2/2
   282 | D:1      | Reached XP level 3. HP: 28/29 MP: 3/3
   322 | D:1      | Found a faded altar of an unknown god.
   585 | D:2      | Reached XP level 4. HP: 35/35 MP: 4/4
   902 | D:2      | Noticed Natasha
   914 | D:2      | Killed Natasha
   915 | D:2      | Reached XP level 5. HP: 39/41 MP: 5/5
   937 | D:2      | Noticed Robin
   952 | D:2      | Noticed Natasha
   972 | D:1      | Reached skill level 5 in Axes
  1037 | D:1      | Killed Natasha
  1086 | D:2      | Killed Robin
  2031 | D:3      | Identified the +3 dagger "Opugees" {elec, rElec rCorr
                  | Dex-4}
  2125 | D:3      | Found a runed translucent door.
  2128 | D:3      | Noticed Kenran's ghost (amateur MiGl)
  2423 | D:4      | Reached XP level 6. HP: 44/47 MP: 4/6
  2531 | D:4      | Found a bloodstained altar of Trog.
  2533 | D:4      | Noticed a wizard
  2540 | D:4      | Killed a wizard
  2786 | D:4      | Found an iron altar of Okawaru.
  3024 | D:4      | Identified a scroll of acquirement
  3024 | D:4      | Acquired a manual of Shields
  3345 | D:5      | Entered Level 5 of the Dungeon
  3414 | D:5      | Reached XP level 7. HP: 49/52 MP: 7/7
  3600 | D:5      | Found a shimmering blue altar of Sif Muna.
  3604 | D:5      | Found a burning altar of Makhleb.
  3608 | D:5      | Found a glowing golden altar of the Shining One.
  3781 | D:5      | Found Xedoeder's Weapon Shop.
  4013 | D:5      | Found a hazy altar of Hepliaklqana.
  4014 | D:5      | Noticed Edmund
  4037 | D:5      | Gained mutation: Your mind is acute. (Int +4, Str/Dex -1)
                  | [potion of mutation]
  4037 | D:5      | Gained mutation: Your body sometimes deteriorates upon
                  | taking damage. [potion of mutation]
  4037 | D:5      | Gained mutation: Your skin changes colour to match your
                  | surroundings (Stealth+). [potion of mutation]
  4038 | D:5      | Killed Edmund
  4039 | D:5      | Reached XP level 8. HP: 9/58 MP: 2/8
  4592 | D:6      | Found a staircase to the Ecumenical Temple.
  4592 | D:6      | Noticed a wyvern
  4599 | Temple   | Entered the Ecumenical Temple
  4603 | Temple   | Killed a wyvern
  4604 | Temple   | Reached skill level 5 in Long Blades
  4717 | Temple   | Became a worshipper of the Wu Jian Council
  4927 | D:6      | Reached XP level 9. HP: 53/64 MP: 7/9
  5448 | D:7      | You fall into a shaft and drop 2 floors!
  5584 | D:8      | You fall into a shaft and drop 3 floors!
  5710 | D:11     | Found a staircase to the Orcish Mines.
  5776 | D:10     | Entered Level 10 of the Dungeon
  6009 | D:9      | HP: 2/57 [killer bee (2)]
  6010 | D:9      | Succumbed to a killer bee's poison

Illustrated notes

Levels and vault maps discovered:
D:1:      onia_arrival_pyramid, layout_rooms,
          shapermc_ecumenical_altar_hornbeckon
D:2:      layout_loops_ring, minmay_tetromino_o4, uniq_natasha, uniq_robin
D:3:      layout_loops_corners, ebering_ghost_reflecting_pool
D:4:      layout_basic, trog_wizard, mainiacjoe_overflow_alcove_1,
          grunt_ministairs_5, minmay_misc_feat_square, grunt_decor_resistance,
          fountainhead
D:5:      layout_loops_ring, grunt_temple_overflow_diamond,
          nicolae_hepliaklqana_hazy_memory, serial_shops, shop,
          minmay_misc_feat_alley, uniq_edmund
D:6:      layout_cave_pools, minmay_temple_entry_slanted, serial_glass,
          glass_columns_a, glass_columns_a
D:7:      layout_basic, moated_statue, kennysheep_generic_room_3
D:8:      layout_layer_cave, mainiacjoe_overflow_brackets,
          mainiacjoe_overflow_paths, serial_ice, serial_ice_l, serial_ice_h,
          serial_ice_f, serial_ice_a, serial_ice_e
D:9:      layout_basic, dpeg_oklobed_lair, glass_columns_a, uniq_maggie
D:10:     layout_long_grid, kennysheep_little_box, special_room
          [special_room_orc], minmay_holes, corexii_mini_fake_secret_closet,
          uniq_grum
D:11:     layout_irregular_city, orc_0_dummy, serial_shops,
          nicolae_shop_pleasant_corner_grove, uniq_amaemon
Temple:   nicolae_temple_ecumenical_triangle

Skill      XL: |  1  2  3  4  5  6  7  8  9 |
---------------+----------------------------+-----
Axes           | 3 4 5 7 8 |  8.0
Long Blades    | 2 6 8 |  8.8
Fighting       | |  3.2
Armour         | |  3.2
Shields        | |  4.0

Action                     |  1- 3 |  4- 6 |  7- 9 || total
---------------------------+-------+-------+-------++-------
  Melee: War axe           |    86 |   230 |   213 ||   529
Ability: Lunge             |       |       |     9 ||     9
         Dig               |       |       |     2 ||     2
         Shaft Self        |       |       |     1 ||     1
    Use: Scroll            |       |    10 |     2 ||    12
         Potion            |       |       |     9 ||     9
 Armour: Scale mail        |    59 |   156 |    98 ||   313
         Skin              |       |       |     8 ||     8
  Dodge: Dodged            |    45 |   111 |   108 ||   264
  Block: Buckler           |    24 |    71 |    66 ||   161
